[Event "FICS rated blitz game"]
[Site "FICS freechess.org"]
[FICSGamesDBGameNo "20000284"]
[White "DTvic"]
[Black "Dipsy"]
[WhiteElo "1440"]
[BlackElo "1473"]
[WhiteRD "na"]
[BlackRD "na"]
[TimeControl "120+10"]
[Date "1999.03.12"]
[Time "09:34:00"]
[WhiteClock "0:02:00.000"]
[BlackClock "0:02:00.000"]
[ECO "B06"]
[PlyCount "86"]
[Result "1-0"]

1. e4 g6 2. d4 d6 3. Nc3 c6 4. Be3 Bg7 5. Qd2 b5 6. a3 Nd7 7. f4 d5 8. exd5 cxd5 9. Bxb5 Nf6 10. Nf3 Rb8 11. O-O O-O 12. a4 a6 13. Bxd7 Qxd7 14. b3 Bb7 15. Ne5 Qf5 16. Ne2 Ne4 17. Qd3 f6 18. Nf3 Rfc8 19. Ng3 Qd7 20. Nd2 Nxg3 21. hxg3 Qg4 22. Bf2 Rc7 23. Nf3 Rbc8 24. Rac1 Rc3 25. Qd2 h5 26. Rfe1 Kf7 27. Re3 Rxe3 28. Qxe3 Rc6 29. Qd3 Bc8 30. Nh4 Bf5 31. Nxf5 Qxf5 32. Qxf5 gxf5 33. c4 Bh6 34. c5 h4 35. b4 hxg3 36. Bxg3 Kg6 37. b5 axb5 38. axb5 Rc8 39. b6 e6 40. b7 Rb8 41. c6 Bf8 42. c7 Rxb7 43. c8=Q Rf7 {Black resigns} 1-0

[Event "FICS rated blitz game"]
[Site "FICS freechess.org"]
[FICSGamesDBGameNo "20000283"]
[White "HellGrande"]
[Black "PLV"]
[WhiteElo "1616"]
[BlackElo "1469"]
[WhiteRD "na"]
[BlackRD "na"]
[TimeControl "240+0"]
[Date "1999.03.12"]
[Time "06:11:00"]
[WhiteClock "0:04:00.000"]
[BlackClock "0:04:00.000"]
[ECO "B01"]
[PlyCount "105"]
[Result "0-1"]

1. e4 d5 2. exd5 Nf6 3. Nf3 Nxd5 4. Bc4 Bg4 5. O-O Nc6 6. h3 Bh5 7. d3 Ne5 8. Bxd5 Qxd5 9. Nbd2 Nxf3+ 10. Nxf3 Bxf3 11. Qxf3 Qxf3 12. gxf3 O-O-O 13. b3 g6 14. Bb2 Rg8 15. Rfe1 e6 16. Rab1 Bg7 17. Re4 Bxb2 18. Rxb2 Rd5 19. a4 Rgd8 20. b4 Rd4 21. Kg2 R8d6 22. Kg3 f5 23. Re5 R4d5 24. Rxd5 exd5 25. Kf4 h6 26. Rb1 Re6 27. Kg3 Kd7 28. f4 c6 29. Kf3 b6 30. Rg1 Ke7 31. h4 Kf6 32. c3 a6 33. Rd1 Re7 34. Rg1 Rc7 35. Re1 Re7 36. Rg1 c5 37. b5 axb5 38. axb5 Ra7 39. Re1 Ra3 40. Rc1 d4 41. cxd4 Rxd3+ 42. Ke2 Rxd4 43. Ra1 Rxf4 44. Ra6 Rxh4 45. Rxb6+ Kg5 46. Rc6 Re4+ 47. Kd3 c4+ 48. Rxc4 Re7 49. b6 Rb7 50. Rb4 h5 51. Kc4 h4 52. Kd5 h3 53. Kc6 {White forfeits on time} 0-1

[Event "FICS rated blitz game"]
[Site "FICS freechess.org"]
[FICSGamesDBGameNo "20000282"]
[White "Mange"]
[Black "kjell"]
[WhiteElo "1174"]
[BlackElo "1537"]
[WhiteRD "na"]
[BlackRD "na"]
[TimeControl "180+0"]
[Date "1999.03.12"]
[Time "05:32:00"]
[WhiteClock "0:03:00.000"]
[BlackClock "0:03:00.000"]
[ECO "B40"]
[PlyCount "56"]
[Result "0-1"]

1. e4 c5 2. Nf3 d6 3. d4 cxd4 4. Nxd4 e6 5. g3 Be7 6. Bb5+ Bd7 7. Bxd7+ Qxd7 8. O-O Nc6 9. Nxc6 Qxc6 10. Nc3 Nf6 11. Bg5 h6 12. e5 dxe5 13. Bxf6 Bxf6 14. Re1 O-O 15. b4 Rfd8 16. Qf3 e4 17. Qe3 Bxc3 18. Rad1 Bxe1 19. Rxd8+ Rxd8 20. Qxe1 Qxc2 21. Kg2 f5 22. Qe3 b6 23. g4 Rf8 24. gxf5 exf5 25. Qf4 Qxa2 26. Qc7 f4 27. Qxa7 f3+ 28. Kg3 Qxa7 {White resigns} 0-1

[Event "FICS rated blitz game"]
[Site "FICS freechess.org"]
[FICSGamesDBGameNo "20000281"]
[White "Fuser"]
[Black "pauloEE"]
[WhiteElo "1049"]
[BlackElo "1068"]
[WhiteRD "na"]
[BlackRD "na"]
[TimeControl "120+12"]
[Date "1999.03.11"]
[Time "19:47:00"]
[WhiteClock "0:02:00.000"]
[BlackClock "0:02:00.000"]
[ECO "C44"]
[PlyCount "92"]
[Result "0-1"]

1. e4 e5 2. Nf3 Nc6 3. d4 d5 4. exd5 Nxd4 5. Nxe5 Qxd5 6. c3 Bh3 7. gxh3 Qxh1 8. Na3 O-O-O 9. Qg4+ Kb8 10. Nd7+ Ka8 11. Nb5 Nxb5 12. Bg5 f6 13. Bf4 Qe4+ 14. Be2 f5 15. f3 fxg4 16. fxe4 Rxd7 17. Bxb5 Rf7 18. Bxc7 gxh3 19. Be5 Bc5 20. Rd1 Nh6 21. b4 Ng4 22. bxc5 Nxh2 23. c6 Rf1+ 24. Bxf1 bxc6 25. Bxg7 Nf3+ 26. Kf2 h2 27. Bg2 Rg8 28. Bxf3 Rxg7 29. Rh1 Rd7 30. Rxh2 Rd2+ 31. Be2 Rxa2 32. Rxh7 a5 33. Kf3 a4 34. Bc4 Rc2 35. e5 a3 36. e6 Rxc3+ 37. Ke4 Rxc4+ 38. Ke5 Rc5+ 39. Kd6 Rd5+ 40. Ke7 a2 41. Rh1 Ra5 42. Rc1 a1=Q 43. Rb1 Qg7+ 44. Kd6 Qd4+ 45. Kc7 Ra7+ 46. Kc8 Qh8# {White checkmated} 0-1

[Event "FICS rated blitz game"]
[Site "FICS freechess.org"]
[FICSGamesDBGameNo "20000280"]
[White "Zagnut"]
[Black "kresten"]
[WhiteElo "1184"]
[BlackElo "1194"]
[WhiteRD "na"]
[BlackRD "na"]
[TimeControl "120+12"]
[Date "1999.03.11"]
[Time "13:59:00"]
[WhiteClock "0:02:00.000"]
[BlackClock "0:02:00.000"]
[ECO "E21"]
[PlyCount "78"]
[Result "0-1"]

1. Nf3 Nf6 2. d4 e6 3. c4 b6 4. Nc3 Bb4 5. a3 Bxc3+ 6. bxc3 O-O 7. a4 Bb7 8. e3 Ne4 9. Bd3 f5 10. Bxe4 Bxe4 11. Ba3 d6 12. O-O c5 13. d5 e5 14. Re1 Nd7 15. Bb2 f4 16. Nd2 Bf5 17. e4 Bg6 18. f3 Qg5 19. Re2 Nf6 20. Qe1 Nh5 21. g4 fxg3 22. h3 Nf4 23. Re3 Nxh3+ 24. Kf1 g2+ 25. Ke2 g1=Q 26. Kd3 Nf2+ 27. Kc2 Qxe1 28. Rexe1 Qg2 29. Re2 Rxf3 30. Nxf3 Qxf3 31. Rd2 Bxe4+ 32. Kb3 Nd3 33. Rad1 Rf8 34. Ba1 Nb4 35. Rc1 Qe3 36. Rdd1 Rf2 37. Re1 Bc2+ 38. Rxc2 Qxe1 39. Bb2 Rxc2 {White resigns} 0-1

[Event "FICS rated blitz game"]
[Site "FICS freechess.org"]
[FICSGamesDBGameNo "20000279"]
[White "GentlemanJoe"]
[Black "Narin"]
[WhiteElo "1038"]
[BlackElo "1397"]
[WhiteRD "na"]
[BlackRD "na"]
[TimeControl "120+12"]
[Date "1999.03.11"]
[Time "00:07:00"]
[WhiteClock "0:02:00.000"]
[BlackClock "0:02:00.000"]
[ECO "D00"]
[PlyCount "74"]
[Result "0-1"]

1. d4 d5 2. g3 Bf5 3. Bg2 Nc6 4. a3 e6 5. Nc3 Qf6 6. e4 dxe4 7. Nxe4 Bxe4 8. Bxe4 Nxd4 9. Bxb7 Rd8 10. c3 Qe5+ 11. Ne2 Nxe2 12. Qxe2 Qxe2+ 13. Kxe2 Nf6 14. h3 Bd6 15. Bg5 Rb8 16. Bxf6 Rxb7 17. Bxg7 Rxb2+ 18. Kd3 Rg8 19. Bf6 Rxf2 20. Rhf1 Rxg3+ 21. Kc4 Rxf1 22. Rxf1 Rxh3 23. Bd4 a5 24. Re1 Bxa3 25. Ra1 Bd6 26. Rxa5 Kd7 27. Ra2 f5 28. Rg2 Kc6 29. Re2 f4 30. Rxe6 f3 31. Rf6 h5 32. Be5 Rh4+ 33. Bd4 Kd7 34. Rxf3 c5 35. Rf5 cxd4 36. cxd4 Ke6 37. Rf8 Bxf8 {White resigns} 0-1

[Event "FICS rated blitz game"]
[Site "FICS freechess.org"]
[FICSGamesDBGameNo "20000278"]
[White "chessISevil"]
[Black "sadhusixtyfour"]
[WhiteElo "1687"]
[BlackElo "1706"]
[WhiteRD "na"]
[BlackRD "na"]
[TimeControl "420+0"]
[Date "1999.03.10"]
[Time "23:59:00"]
[WhiteClock "0:07:00.000"]
[BlackClock "0:07:00.000"]
[ECO "A38"]
[PlyCount "78"]
[Result "0-1"]

1. Nf3 c5 2. c4 g6 3. g3 Bg7 4. Bg2 Nf6 5. O-O O-O 6. Nc3 Nc6 7. Rb1 d6 8. a3 a5 9. Nb5 Bd7 10. d4 cxd4 11. Nfxd4 Nxd4 12. Qxd4 Bc6 13. b4 axb4 14. axb4 Bxg2 15. Kxg2 Nd7 16. Qd5 Qb6 17. Be3 Qc6 18. Rfd1 Qxd5+ 19. Rxd5 Ra2 20. Kf3 Ne5+ 21. Kg2 Nxc4 22. Bg5 Rxe2 23. Bxe7 Rxe7 24. Nxd6 Nxd6 25. Rxd6 Rb8 26. b5 b6 27. Rc1 Reb7 28. Rcc6 Bb2 29. Rd3 Re8 30. Rdd6 Reb8 31. Rd3 Bg7 32. Rdd6 Bf8 33. Rf6 Bc5 34. f4 Re8 35. Kf3 h5 36. h3 Re3+ 37. Kg2 Rbe7 38. Rc8+ Kg7 39. g4 Kxf6 {White resigns} 0-1

[Event "FICS rated blitz game"]
[Site "FICS freechess.org"]
[FICSGamesDBGameNo "20000277"]
[White "lgc"]
[Black "Troglodyte"]
[WhiteElo "1908"]
[BlackElo "1659"]
[WhiteRD "na"]
[BlackRD "na"]
[TimeControl "300+0"]
[Date "1999.03.10"]
[Time "09:02:00"]
[WhiteClock "0:05:00.000"]
[BlackClock "0:05:00.000"]
[ECO "B20"]
[PlyCount "58"]
[Result "0-1"]

1. e4 c5 2. b4 cxb4 3. d4 e6 4. Nf3 d5 5. exd5 exd5 6. Be2 Nf6 7. O-O Be7 8. Re1 O-O 9. a3 bxa3 10. c3 Nc6 11. Nxa3 a6 12. Bd3 Bg4 13. h3 Bh5 14. Nc2 Re8 15. Be3 Ne4 16. c4 Bf6 17. Ra3 Qd7 18. cxd5 Qxd5 19. Qb1 b5 20. Nb4 Nxb4 21. Qxb4 Bxf3 22. gxf3 Ng5 23. Bxg5 Qxg5+ 24. Kh1 Qh4 25. Bf5 g6 26. Rxe8+ Rxe8 27. Bg4 Qxf2 28. Ra1 Re2 29. Qf8+ Kxf8 {White resigns} 0-1

[Event "FICS rated blitz game"]
[Site "FICS freechess.org"]
[FICSGamesDBGameNo "20000276"]
[White "SweetChild"]
[Black "zeta"]
[WhiteElo "1766"]
[BlackElo "1769"]
[WhiteRD "na"]
[BlackRD "na"]
[TimeControl "300+0"]
[Date "1999.03.10"]
[Time "08:48:00"]
[WhiteClock "0:05:00.000"]
[BlackClock "0:05:00.000"]
[ECO "D06"]
[PlyCount "71"]
[Result "1-0"]

1. d4 d5 2. c4 Nf6 3. cxd5 Nxd5 4. e4 Nb6 5. Nc3 e6 6. Be3 Bb4 7. Nf3 O-O 8. Be2 N8d7 9. O-O c5 10. d5 exd5 11. Nxd5 Nxd5 12. exd5 b6 13. a3 Ba5 14. Bc4 Bb7 15. Qb1 Nf6 16. Rd1 Qc7 17. g3 Rad8 18. Bf4 Qd7 19. Ne5 Qh3 20. Bf1 Qh5 21. Bg2 Nxd5 22. Bxd5 Bxd5 23. Qd3 Bf3 24. Qxd8 h6 25. Qd3 Ba8 26. Qc4 Qh3 27. f3 b5 28. Qf1 Qf5 29. Qxb5 Bb6 30. Qc4 Qh3 31. a4 g5 32. Be3 g4 33. Qf1 Qh5 34. Nxg4 Kh7 35. Qd3+ f5 36. Ne5 {Black resigns} 1-0

[Event "FICS rated blitz game"]
[Site "FICS freechess.org"]
[FICSGamesDBGameNo "20000275"]
[White "wzb"]
[Black "Warmongr"]
[WhiteElo "1483"]
[BlackElo "1605"]
[WhiteRD "na"]
[BlackRD "na"]
[TimeControl "240+15"]
[Date "1999.03.09"]
[Time "20:08:00"]
[WhiteClock "0:04:00.000"]
[BlackClock "0:04:00.000"]
[ECO "B40"]
[PlyCount "100"]
[Result "0-1"]

1. e4 c5 2. Nf3 e6 3. d3 d5 4. Nbd2 Nc6 5. c3 d4 6. cxd4 cxd4 7. Be2 e5 8. O-O Nf6 9. Nc4 Bd6 10. Qa4 O-O 11. Qb5 a6 12. Qb6 Bc7 13. Qb3 b5 14. Na3 Be6 15. Qc2 Nb4 16. Qd2 Ba5 17. Qd1 Nd7 18. b3 Qe7 19. Nc2 Nxc2 20. Qxc2 Rac8 21. Qd1 Bc3 22. Rb1 Rc7 23. Bb2 Rfc8 24. a4 Bxb2 25. Rxb2 Qa3 26. Qb1 Rc3 27. axb5 axb5 28. Nd2 Nc5 29. f4 f6 30. fxe5 fxe5 31. Nf3 Nxb3 32. Kf2 Nc1 33. Nxe5 Nxe2 34. Kxe2 Qa4 35. Rxb5 Rc2+ 36. Kf3 Rf8+ 37. Kg3 Rxf1 38. Rb8+ Rf8 39. Rxf8+ Kxf8 40. Qb8+ Qe8 41. Qd6+ Qe7 42. Qb8+ Bc8 43. Qb3 Qg5+ 44. Kf3 Qxg2+ 45. Kf4 Rf2+ 46. Nf3 Rxf3+ 47. Ke5 Qg5+ 48. Kxd4 Qf6+ 49. Kc5 Qe5+ 50. Kc6 Rf6+ {White resigns} 0-1

[Event "FICS rated lightning game"]
[Site "FICS freechess.org"]
[FICSGamesDBGameNo "20000274"]
[White "Wooky"]
[Black "Khujo"]
[WhiteElo "1857"]
[BlackElo "2009"]
[WhiteRD "na"]
[BlackRD "na"]
[TimeControl "60+0"]
[Date "1999.03.09"]
[Time "18:01:00"]
[WhiteClock "0:01:00.000"]
[BlackClock "0:01:00.000"]
[ECO "A43"]
[PlyCount "35"]
[Result "1-0"]

1. d4 c5 2. e3 cxd4 3. exd4 Nf6 4. Nf3 d5 5. c3 e6 6. Bf4 Be7 7. Bd3 O-O 8. Nbd2 Nc6 9. Ne5 Nd7 10. Qg4 f5 11. Qg3 Ndxe5 12. dxe5 Kh8 13. h4 h6 14. h5 Kh7 15. Nf3 Qc7 16. Qg6+ Kh8 17. g4 fxg4 18. Qh7# {Black checkmated} 1-0

[Event "FICS rated lightning game"]
[Site "FICS freechess.org"]
[FICSGamesDBGameNo "20000273"]
[White "WhiteNoise"]
[Black "Fantomen"]
[WhiteElo "1207"]
[BlackElo "1848"]
[WhiteRD "na"]
[BlackRD "na"]
[TimeControl "120+0"]
[Date "1999.03.09"]
[Time "14:57:00"]
[WhiteClock "0:02:00.000"]
[BlackClock "0:02:00.000"]
[ECO "C47"]
[PlyCount "92"]
[Result "0-1"]

1. e4 e5 2. Nf3 Nc6 3. Nc3 Nf6 4. d4 exd4 5. Nxd4 Bb4 6. Nxc6 bxc6 7. Bd3 O-O 8. O-O d6 9. Bd2 Bg4 10. a3 Bxd1 11. Rfxd1 Bxc3 12. Bxc3 Re8 13. Re1 Nd7 14. f4 Nc5 15. Bc4 Nxe4 16. Bd2 d5 17. Bd3 Nxd2 18. Rad1 Ne4 19. Bxe4 Rxe4 20. Rxe4 dxe4 21. Rxd8+ Rxd8 22. Kf2 f5 23. Ke3 Rd1 24. h3 Rg1 25. g4 Rg3+ 26. Kf2 Rf3+ 27. Ke2 g6 28. gxf5 gxf5 29. c3 h5 30. h4 Kf7 31. b4 Ke6 32. c4 c5 33. bxc5 Kd7 34. a4 Kc6 35. a5 Kxc5 36. a6 Kxc4 37. Kd2 Kd4 38. Ke2 Rh3 39. Kf2 e3+ 40. Ke2 Rxh4 41. Kf3 Rh3+ 42. Ke2 Rg3 43. Kf1 h4 44. Ke2 h3 45. Kf1 h2 46. Ke2 Ke4 {White resigns} 0-1

[Event "FICS rated blitz game"]
[Site "FICS freechess.org"]
[FICSGamesDBGameNo "20000272"]
[White "Hellhammer"]
[Black "DexterLab"]
[WhiteElo "1399"]
[BlackElo "1258"]
[WhiteRD "na"]
[BlackRD "na"]
[TimeControl "300+0"]
[Date "1999.03.09"]
[Time "08:20:00"]
[WhiteClock "0:05:00.000"]
[BlackClock "0:05:00.000"]
[ECO "D31"]
[PlyCount "84"]
[Result "0-1"]

1. d4 d5 2. c4 e6 3. Nc3 f5 4. e3 Bb4 5. Bd2 Nf6 6. Nf3 Ne4 7. Qa4+ Nc6 8. Nxe4 fxe4 9. Bxb4 exf3 10. cxd5 exd5 11. gxf3 Bd7 12. Ba3 Ne5 13. Qb3 Nxf3+ 14. Ke2 Bg4 15. Kd3 Bf5+ 16. Kc3 Ng5 17. Bg2 Ne4+ 18. Bxe4 Bxe4 19. Rhg1 Qf6 20. Raf1 O-O-O 21. Qa4 a6 22. Qb4 Qc6+ 23. Qc5 Qa4 24. b3 Qd7 25. f3 Bg6 26. Qa7 Qf5 27. e4 dxe4 28. fxe4 Qxe4 29. Rd1 Qc2+ 30. Kb4 c5+ 31. Qxc5+ Qxc5+ 32. dxc5 Rxd1 33. Rxd1 Re8 34. Ka5 Re2 35. Rd6 Rxa2 36. Kb4 Rxh2 37. c6 Rh4+ 38. Kc5 Rh5+ 39. Kb6 Rb5+ 40. Ka7 bxc6 41. Rxc6+ Kd7 42. Rxa6 Bd3 {White forfeits on time} 0-1

[Event "FICS rated lightning game"]
[Site "FICS freechess.org"]
[FICSGamesDBGameNo "20000271"]
[White "Runty"]
[Black "DonDanne"]
[WhiteElo "1775"]
[BlackElo "1890"]
[WhiteRD "na"]
[BlackRD "na"]
[TimeControl "60+0"]
[Date "1999.03.08"]
[Time "12:57:00"]
[WhiteClock "0:01:00.000"]
[BlackClock "0:01:00.000"]
[ECO "B01"]
[PlyCount "84"]
[Result "0-1"]

1. e4 d5 2. exd5 Nf6 3. Bb5+ Bd7 4. Bc4 a6 5. Nc3 b5 6. Bb3 Bf5 7. d3 Nbd7 8. a3 Nb6 9. Qf3 Bg4 10. Qg3 Bh5 11. Bg5 Nbxd5 12. Nxd5 Nxd5 13. Nf3 Nf6 14. Bxf6 exf6 15. Kf1 Bd6 16. h3 O-O 17. Qh4 Bxf3 18. gxf3 Be5 19. Rg1 Bxb2 20. Qg4 f5 21. Qxf5 Qf6 22. Qxf6 Bxf6 23. Re1 Rfe8 24. Re4 Rxe4 25. fxe4 c5 26. Ke2 a5 27. Rd1 a4 28. Bd5 Rb8 29. f4 b4 30. axb4 cxb4 31. e5 Be7 32. f5 a3 33. e6 fxe6 34. Bxe6+ Kf8 35. Rb1 Ra8 36. Ra1 Ra6 37. Ra2 g6 38. fxg6 hxg6 39. Bc4 Kg7 40. Kf3 Rb6 41. Kg4 Rb8 42. Bb3 Bf6 {White forfeits on time} 0-1

[Event "FICS rated blitz game"]
[Site "FICS freechess.org"]
[FICSGamesDBGameNo "20000270"]
[White "matador"]
[Black "broom"]
[WhiteElo "1938"]
[BlackElo "1902"]
[WhiteRD "na"]
[BlackRD "na"]
[TimeControl "120+12"]
[Date "1999.03.08"]
[Time "11:28:00"]
[WhiteClock "0:02:00.000"]
[BlackClock "0:02:00.000"]
[ECO "B23"]
[PlyCount "112"]
[Result "0-1"]

1. e4 c5 2. Nc3 e6 3. Nge2 Nc6 4. g3 d5 5. d3 dxe4 6. Nxe4 Be7 7. Bg2 Nf6 8. N2c3 O-O 9. Be3 Nd4 10. O-O Bd7 11. Qd2 Bc6 12. Rae1 Nxe4 13. Nxe4 b6 14. c3 Nf5 15. Bf4 Qd7 16. Rd1 Rad8 17. Qe2 Bb5 18. Qf3 Bxd3 19. Rfe1 Bxe4 20. Rxd7 Bxf3 21. Rxd8 Rxd8 22. Bxf3 h6 23. Rd1 Rxd1+ 24. Bxd1 Bd6 25. Bd2 Kf8 26. Kg2 Ke7 27. Bf3 c4 28. Bc6 Bc5 29. Bf4 f6 30. Bb8 a6 31. Bb7 Bd6 32. Ba7 Bc7 33. Bxa6 Nd6 34. a4 Kd7 35. a5 bxa5 36. Bc5 Ne4 37. Bf8 g5 38. Bxc4 h5 39. f3 Nd2 40. Ba2 a4 41. Kf2 Nb3 42. Bxb3 axb3 43. Bc5 Be5 44. Ba3 Kc6 45. Ke3 Kb5 46. f4 gxf4+ 47. gxf4 Bc7 48. Be7 f5 49. Bf6 Kc4 50. h3 Bd6 51. Bd4 Ba3 52. Kd2 Bxb2 53. Bf6 Ba3 54. Be5 Bc5 55. Kc1 Be3+ 56. Kb2 Bd2 {White resigns} 0-1

[Event "FICS rated blitz game"]
[Site "FICS freechess.org"]
[FICSGamesDBGameNo "20000269"]
[White "trachea"]
[Black "theoric"]
[WhiteElo "1789"]
[BlackElo "1907"]
[WhiteRD "na"]
[BlackRD "na"]
[TimeControl "300+0"]
[Date "1999.03.08"]
[Time "11:26:00"]
[WhiteClock "0:05:00.000"]
[BlackClock "0:05:00.000"]
[ECO "A04"]
[PlyCount "86"]
[Result "0-1"]

1. Nf3 b6 2. b3 Bb7 3. e3 e6 4. Bb2 f5 5. d4 Nf6 6. Be2 Bd6 7. c4 Nc6 8. Nbd2 Qe7 9. Rc1 O-O-O 10. Qc2 Ba3 11. c5 Bxb2 12. Qxb2 Rhg8 13. cxb6 axb6 14. Nc4 g5 15. a4 g4 16. Nfe5 Qb4+ 17. Rc3 Nxe5 18. dxe5 Ne4 19. Nd6+ Nxd6 20. exd6 Qxd6 21. O-O h5 22. Rfc1 c5 23. b4 Qc6 24. Bf1 d6 25. bxc5 dxc5 26. a5 Rd5 27. axb6 Rgd8 28. Qa3 Qxb6 29. Rb3 Qd6 30. Rbc3 Rd7 31. Rxc5+ Rxc5 32. Rxc5+ Kd8 33. Qa5+ Ke7 34. Rc1 h4 35. Qa1 Kf7 36. Qh8 h3 37. Qh7+ Kf6 38. Qh6+ Ke7 39. Qg5+ Kf7 40. Qh5+ Kg7 41. Qg5+ Kf8 42. gxh3 Rg7 43. Qh6 gxh3+ {White forfeits on time} 0-1

[Event "FICS rated standard game"]
[Site "FICS freechess.org"]
[FICSGamesDBGameNo "20000268"]
[White "BillieBob"]
[Black "SailingMike"]
[WhiteElo "1235"]
[BlackElo "1290"]
[WhiteRD "na"]
[BlackRD "na"]
[TimeControl "1800+15"]
[Date "1999.03.07"]
[Time "15:06:00"]
[WhiteClock "0:30:00.000"]
[BlackClock "0:30:00.000"]
[ECO "C68"]
[PlyCount "86"]
[Result "0-1"]

1. e4 e5 2. Nf3 Nc6 3. Bb5 a6 4. Bxc6 dxc6 5. Nxe5 Qe7 6. d4 Nf6 7. Nc3 Qe6 8. Bf4 Bb4 9. a3 Bxc3+ 10. bxc3 Nxe4 11. Qe2 Nxc3 12. Qe3 Nd5 13. Qg3 O-O 14. O-O b6 15. Rfe1 Nxf4 16. Qxf4 f6 17. Nd3 Qd7 18. h3 g5 19. Qe3 Bb7 20. c4 Rae8 21. Qf3 Qxd4 22. Nb4 Qxc4 23. h4 Qxh4 24. Qb3+ Kh8 25. Rxe8 Rxe8 26. Qf7 Qe4 27. Qxf6+ Kg8 28. Qxg5+ Qg6 29. Qxg6+ hxg6 30. Rc1 c5 31. Nd3 a5 32. Rb1 Be4 33. Rd1 Rd8 34. Re1 Bxd3 35. Re7 c6 36. Re6 Rc8 37. g4 b5 38. f4 b4 39. axb4 axb4 40. f5 gxf5 41. Rg6+ Kf7 42. Rg5 b3 43. gxf5 b2 {White resigns} 0-1

[Event "FICS rated blitz game"]
[Site "FICS freechess.org"]
[FICSGamesDBGameNo "20000267"]
[White "Gambitboy"]
[Black "MartijnM"]
[WhiteElo "1804"]
[BlackElo "1914"]
[WhiteRD "na"]
[BlackRD "na"]
[TimeControl "300+0"]
[Date "1999.03.07"]
[Time "10:19:00"]
[WhiteClock "0:05:00.000"]
[BlackClock "0:05:00.000"]
[ECO "C44"]
[PlyCount "92"]
[Result "0-1"]

1. e4 e5 2. Nf3 Nc6 3. d4 exd4 4. Bb5 Bc5 5. O-O a6 6. Ba4 Nge7 7. Ng5 h6 8. Nxf7 Kxf7 9. Qh5+ g6 10. Qxc5 d6 11. Qa3 Be6 12. Bb3 b5 13. Bxe6+ Kxe6 14. f4 Kd7 15. Qh3+ Ke8 16. c3 Qd7 17. f5 dxc3 18. Nxc3 Ne5 19. Bf4 N7c6 20. Nd5 Kd8 21. Rac1 Nc4 22. b3 N4e5 23. Rfd1 Rc8 24. Bg5+ hxg5 25. Qxh8+ Qe8 26. Qf6+ Kd7 27. Qxg5 Qf7 28. Nf6+ Ke7 29. Ng4+ Kd7 30. Nxe5+ Nxe5 31. Rd5 Rg8 32. Rcd1 gxf5 33. Qh4 Nf3+ 34. Kf2 Nxh4 35. g3 fxe4+ 36. Ke3 Qf3+ 37. Kd4 Nf5+ 38. Rxf5 Qxf5 39. Kc3 Qc5+ 40. Kb2 e3 41. Re1 Qd4+ 42. Kc2 Qd2+ 43. Kb1 Qxe1+ 44. Kb2 Qd2+ 45. Ka3 a5 46. h4 Qc1# {White checkmated} 0-1

[Event "FICS rated blitz game"]
[Site "FICS freechess.org"]
[FICSGamesDBGameNo "20000266"]
[White "Wastl"]
[Black "Zik"]
[WhiteElo "1354"]
[BlackElo "1336"]
[WhiteRD "na"]
[BlackRD "na"]
[TimeControl "240+12"]
[Date "1999.03.07"]
[Time "02:49:00"]
[WhiteClock "0:04:00.000"]
[BlackClock "0:04:00.000"]
[ECO "C45"]
[PlyCount "67"]
[Result "1-0"]

1. e4 e5 2. Nf3 Nc6 3. d4 exd4 4. Nxd4 Nf6 5. Nxc6 bxc6 6. e5 Nd5 7. Bd3 Bc5 8. O-O d6 9. exd6 cxd6 10. Re1+ Kf8 11. Qf3 Qf6 12. Qxf6 Nxf6 13. Bd2 Ng4 14. Re2 Ne5 15. Be4 d5 16. Bxd5 Bxf2+ 17. Kxf2 Ng4+ 18. Kg1 Ba6 19. Bb4+ Kg8 20. Re7 cxd5 21. Nd2 h6 22. Nf3 Kh7 23. Rxf7 Rhe8 24. Re1 Rxe1+ 25. Nxe1 Kg6 26. Rd7 Nf6 27. Rd6 Rb8 28. Bc3 Rb5 29. Rxa6 Kf5 30. Bxf6 gxf6 31. Nd3 Rb7 32. Rc6 Ke4 33. Kf2 f5 34. Nc5+ {Black resigns} 1-0

[Event "FICS rated blitz game"]
[Site "FICS freechess.org"]
[FICSGamesDBGameNo "20000265"]
[White "special"]
[Black "Yoshii"]
[WhiteElo "1439"]
[BlackElo "1719"]
[WhiteRD "na"]
[BlackRD "na"]
[TimeControl "240+12"]
[Date "1999.03.06"]
[Time "18:53:00"]
[WhiteClock "0:04:00.000"]
[BlackClock "0:04:00.000"]
[ECO "B30"]
[PlyCount "112"]
[Result "0-1"]

1. e4 c5 2. Nf3 e6 3. Nc3 Nc6 4. Bb5 g6 5. O-O Bg7 6. Bxc6 bxc6 7. d3 Ne7 8. Be3 d6 9. e5 c4 10. dxc4 d5 11. cxd5 cxd5 12. Bg5 O-O 13. Nd4 Qc7 14. Bf6 Ba6 15. Re1 Rab8 16. Bxg7 Kxg7 17. Qf3 Rfc8 18. Qf6+ Kg8 19. Re3 Nc6 20. Nxc6 Qxc6 21. Rf3 Rc7 22. h4 Qe8 23. h5 Qf8 24. hxg6 hxg6 25. Rh3 Qg7 26. Qg5 Rcc8 27. Ne2 Rxb2 28. Nf4 Rbxc2 29. Qh4 Qxe5 30. Qh7+ Kf8 31. Qh6+ Qg7 32. Qh8+ Qxh8 33. Rxh8+ Ke7 34. Rxc8 Rxc8 35. Re1 Kd6 36. g3 Rc2 37. a4 Ra2 38. Nh3 Rxa4 39. Ng5 Ke7 40. f4 Bd3 41. Nf3 Be4 42. Ne5 f6 43. Ng4 Ra3 44. Kh2 Bf3 45. Ne3 Kd6 46. Kh3 Ra2 47. Rb1 Re2 48. Ng4 Bxg4+ 49. Kxg4 d4 50. Kf3 Rc2 51. Rd1 e5 52. Ke4 Re2+ 53. Kf3 Re3+ 54. Kg2 Kd5 55. fxe5 fxe5 56. g4 Ra3 {White resigns} 0-1

[Event "FICS rated blitz game"]
[Site "FICS freechess.org"]
[FICSGamesDBGameNo "20000264"]
[White "esquilan"]
[Black "RLBS"]
[WhiteElo "1539"]
[BlackElo "1634"]
[WhiteRD "na"]
[BlackRD "na"]
[TimeControl "300+0"]
[Date "1999.03.06"]
[Time "18:36:00"]
[WhiteClock "0:05:00.000"]
[BlackClock "0:05:00.000"]
[ECO "B21"]
[PlyCount "52"]
[Result "0-1"]

1. f4 c5 2. e4 Nc6 3. Nf3 d6 4. Bb5 Nf6 5. Nc3 g6 6. Bxc6+ bxc6 7. O-O Bg7 8. d4 cxd4 9. Nxd4 Bb7 10. f5 O-O 11. fxg6 hxg6 12. Bg5 c5 13. Bxf6 Bxf6 14. Nde2 Kg7 15. Qd3 Rh8 16. Rae1 Rh4 17. b3 Qh8 18. h3 Qh6 19. Nd5 Bxd5 20. exd5 Qg5 21. Rf3 Rah8 22. Rg3 Qe5 23. Qe3 Qxd5 24. Nc3 Qd4 25. Qxd4 Bxd4+ 26. Kh2 Be5 {White resigns} 0-1

[Event "FICS rated blitz game"]
[Site "FICS freechess.org"]
[FICSGamesDBGameNo "20000263"]
[White "KingSack"]
[Black "Verlinski"]
[WhiteElo "1632"]
[BlackElo "1744"]
[WhiteRD "na"]
[BlackRD "na"]
[TimeControl "180+12"]
[Date "1999.03.06"]
[Time "13:41:00"]
[WhiteClock "0:03:00.000"]
[BlackClock "0:03:00.000"]
[ECO "C48"]
[PlyCount "59"]
[Result "1-0"]

1. e4 e5 2. Nf3 Nc6 3. Bb5 Bc5 4. O-O Nf6 5. Nc3 d6 6. h3 O-O 7. a3 a6 8. Ba4 Bd7 9. b4 Bb6 10. Bb3 Qe7 11. Re1 Nd4 12. Nxd4 Bxd4 13. Bb2 Bc6 14. Qf3 Rfe8 15. Rab1 Rad8 16. Nd5 Nxd5 17. exd5 Bxb2 18. Rxb2 Bd7 19. d3 Qg5 20. c4 Qf5 21. Qxf5 Bxf5 22. Rd2 b6 23. Bc2 Bg6 24. f3 Re7 25. Rde2 Rde8 26. d4 Bxc2 27. Rxc2 exd4 28. Rxe7 Rxe7 29. c5 dxc5 30. bxc5 {Black forfeits on time} 1-0

[Event "FICS rated lightning game"]
[Site "FICS freechess.org"]
[FICSGamesDBGameNo "20000262"]
[White "Serhato"]
[Black "turbotruth"]
[WhiteElo "1536"]
[BlackElo "1526"]
[WhiteRD "na"]
[BlackRD "na"]
[TimeControl "60+0"]
[Date "1999.03.06"]
[Time "07:50:00"]
[WhiteClock "0:01:00.000"]
[BlackClock "0:01:00.000"]
[ECO "A00"]
[PlyCount "62"]
[Result "0-1"]

1. e3 d6 2. d4 g6 3. Bc4 Bg7 4. Nf3 Nf6 5. O-O O-O 6. c3 b6 7. e4 c5 8. e5 Nfd7 9. exd6 exd6 10. dxc5 Nxc5 11. Ng5 Bb7 12. Bd3 d5 13. Qg4 h5 14. Qh3 Nxd3 15. Nd2 Nxc1 16. Raxc1 Ba6 17. Qg3 Bh6 18. Ndf3 Bxf1 19. Kxf1 Bxg5 20. Qh4 Bxh4 21. Nxh4 Qxh4 22. g3 Qc4+ 23. Kg2 Re8 24. Rf1 d4 25. f3 dxc3 26. b3 Qxf1+ 27. Kxf1 c2 28. Kg2 c1=Q 29. Kh3 Re2 30. g4 Qh1 31. Kg3 Qxh2# {White checkmated} 0-1